 Dungeon Crawl Stone Soup version 0.29.1-1-gd02db6906a (webtiles) character file.

Game seed: 2096253359001850664

43 Demigod47 the Covered (level 3, 0/33 HPs)
             Began as a Minotaur Fighter on Oct 16, 2022.
             Was an Initiate of Ru.
             Killed from afar by an orc wizard (4 damage)
             ... with a puff of flame
             ... on level 3 of the Dungeon.
             The game lasted 00:03:23 (909 turns).

Demigod47 the Covered (Minotaur Fighter)             Turns: 909, Time: 00:03:24

Health: 0/33       AC:  8    Str: 22    XL:     3   Next: 37%
Magic:  2/2        EV:  9    Int:  5    God:    Ru [......]
Gold:   65         SH:  0    Dex:  9    Spells: 2/2 levels left

rFire   . . .      SeeInvis .   a - +0 flail
rCold   . . .      Faith    .   c - +0 buckler
rNeg    . . .      Spirit   .   b - +0 scale mail
rPois   .          Reflect  .   (helmet restricted)
rElec   .          Harm     .   i - +0 cloak
rCorr   .          Rampage  .   (no gloves)
Will    .....                   (no boots)
Stlth   ..........              (no amulet)
HPRegen 0.11/turn               (no ring)
MPRegen 0.08/turn               (no ring)

@: confused
A: horns 2, no stealth, retaliatory headbutt
a: Renounce Religion


You were on level 3 of the Dungeon.
You worshipped Ru.
Ru was noncommittal.
You visited 1 branch of the dungeon, and saw 3 of its levels.

You collected 65 gold pieces.

Inventory:

Hand Weapons
 a - a +0 flail (weapon)
Armour
 b - a +0 scale mail (worn)
 c - a +0 buckler (worn)
 i - a +0 cloak (worn)
Scrolls
 e - a scroll of fear {unknown}
 l - a scroll of acquirement
 m - a scroll of teleportation {unknown}
Potions
 d - 2 potions of might
 f - a potion of curing
 g - a potion of cancellation
 k - a potion of invisibility


   Skills:
 + Level 3.9 Fighting
 * Level 3.4 Maces & Flails
 + Level 4.2 Armour
 + Level 4.0 Shields


You had 2 spell levels left.
You didn't know any spells.
Your spell library contained the following spells:

 Spells                   Type           Power      Damage    Failure   Level
 Sublimation of Blood     Necr           0%         N/A       95%         2
 Wereblood                Tmut           0%         N/A       95%         2
 Summon Hydra             Summ           0%         N/A       100%        7


Dungeon Overview and Level Annotations

Branches:
Dungeon (3/15)

Altars:
Ru


Innate Abilities, Weirdness & Mutations

You have a pair of horns on your head.
You cannot be stealthy.
You reflexively headbutt those who attack you in melee.


Message History

You hear some strange, mumbled words.
You are confused.
You bump into the rock wall.
Something hits you but does no damage.
You hear some strange, mumbled words.
You are more confused.
The orc throws a stone.
Something hits you. The orc hits you but does no damage.
You bump into the rock wall.
Something hits you. The orc hits you but does no damage.
You closely miss something. Your headbutt misses something.
The orc hits you with a +2 dagger of holy wrath.
You hear some strange, mumbled words.
You are more confused.
Something hits you but does no damage.
The orc hits you with a +2 dagger of holy wrath.
You closely miss something. Something hits you but does no damage.
The orc barely misses you.
You bump into the rock wall.
Something hits you but does no damage. The orc closely misses you.
You closely miss something. Something hits you but does no damage.
The orc hits you with a +2 dagger of holy wrath.
You're too confused to move!
You hear some strange, mumbled words.
Something tries to affect you, but you resist.
The orc hits you with a +2 dagger of holy wrath.
* * * LOW HITPOINT WARNING * * *
The orc attacks as you move away!
The orc hits you with a +2 dagger of holy wrath.
* * * LOW HITPOINT WARNING * * *
The orc throws a stone.
You bump into the rock wall.
You hear some strange, mumbled words.
You are more confused.
Something hits you.
* * * LOW HITPOINT WARNING * * *
You bump into the rock wall.
You hear some strange, mumbled words.
A puff of flame appears from out of thin air!
The puff of flame hits you.
You die...

#.#.#.####
#..###.## #.##
##.######## .##
##........ #.##
##.##########
##.###<..........#
##.#.##########.#
##.......# #>#
##.####.# #@# #.#
#.# #{# #.#
#.#####o# #.#
#......o# #.#
#######.# #.# #.#
#.# #)# #.#
####.#####
#.#######........#


You could see 2 orcs.

Vanquished Creatures
  2 adders
  A dart slug (D:2)
  An orc (D:3)
  4 ball pythons
  An endoplasm (D:2)
  A giant cockroach (D:2)
  A goblin (D:2)
  2 hobgoblins (D:2)
  2 quokkas (D:2)
  3 bats (D:2)
  A frilled lizard (D:2)
  3 rats
22 creatures vanquished.

Notes
Turn   | Place    | Note
-------+----------+-------------------------------------------
     0 | D:1      | Demigod47 the Minotaur Fighter began the quest for the Orb.
     0 | D:1      | Reached XP level 1. HP: 19/19 MP: 0/0
   104 | D:1      | You fall into a shaft and drop 1 floor!
   108 | D:2      | Found a faded altar of an unknown god.
   125 | D:2      | Prayed at the altar of an unknown god.
   125 | D:2      | Became a worshipper of Ru the Awakened
   289 | D:2      | Reached XP level 2. HP: 25/27 MP: 1/1
   317 | D:2      | Gained mutation: You cannot be stealthy. [Ru sacrifice]
   594 | D:2      | Reached XP level 3. HP: 33/33 MP: 2/2
   780 | D:2      | Identified a scroll of acquirement
   909 | D:3      | Killed from afar by an orc wizard

Illustrated notes

Levels and vault maps discovered:
D:1:      denvon_arrival_planthouse, layout_basic, serial_bayou_pond_d
D:2:      layout_rooms, nicolae_ecumenical_lake_church
D:3:      layout_loops_ring, nrook_campfire, st_stairs_1, item_on_display_a,
          uniq_sigmund, uniq_jessica, uniq_natasha

Skill      XL: |  1  2 |
---------------+-------+-----
Maces & Flails | 3 |  3.4
Armour         | 4 |  4.2
Shields        | 4 |  4.0
Fighting       | |  3.9

Action                   || total
-------------------------++-------
Melee: Flail             ||    41
       Headbutt          ||     3
Invok: Sacrifice Stealth ||     1
  Use: Potion            ||     5
       Scroll            ||     1
Armor: Scale mail        ||    37
Dodge: Dodged            ||    34
Block: Buckler           ||     8
